 Dungeon Crawl Stone Soup version 0.29.1-1-gd02db69 (webtiles) character file.

Game seed: 14232445643139916268

350 samcosmo the Digger (level 6, -4/37 HPs)
             Began as a Gargoyle Earth Elementalist on Mar 27, 2023.
             Killed by divine providence
             ... invoked by an orc priest
              (15 damage)
             ... on level 4 of the Dungeon.
             The game lasted 00:15:51 (3589 turns).

samcosmo the Digger (Gargoyle Earth Elementalist)   Turns: 3589, Time: 00:15:52

Health: -4/37      AC: 12    Str: 11    XL:     6   Next: 61%
Magic:  0/12       EV: 11    Int: 18    God:
Gold:   199        SH:  0    Dex: 10    Spells: 7/13 levels left

rFire   . . .      SeeInvis +   c - +0 short sword
rCold   . . .      Faith    .   (no shield)
rNeg    + . .      Spirit   .   a - +0 robe
rPois   ∞          Reflect  .   (no helmet)
rElec   +          Harm     .   r - +0 cloak
rCorr   .          Rampage  .   k - +0 pair of gloves
Will    .....                   (no boots)
Stlth   ++........              (no amulet)
HPRegen 0.12/turn               e - ring of see invisible
MPRegen 0.13/turn               o - +4 ring of protection

@: no status effects
A: sickness immunity, AC +4, negative energy resistance 1, electricity
resistance, torment resistance 1, petrification resistance
a: no special abilities


You were on level 4 of the Dungeon.
You visited 1 branch of the dungeon, and saw 4 of its levels.

You collected 199 gold pieces.

Inventory:

Hand Weapons
 c - a +0 short sword (weapon)
Missiles
 b - a throwing net
Armour
 a - a +0 robe (worn)
 k - a +0 pair of gloves (worn)
 r - a +0 cloak (worn)
Jewellery
 e - a ring of see invisible (left hand)
 o - a +4 ring of protection (right hand)
Wands
 l - a wand of flame (19)
Scrolls
 d - 3 scrolls of poison
 p - a scroll of identify
 q - a scroll of magic mapping {unknown}
Potions
 f - a potion of cancellation
 g - 2 potions of berserk rage
 h - 3 potions of curing
 i - 2 potions of mutation
 j - a potion of degeneration {unknown}
 m - a potion of invisibility {unknown}
 n - a potion of flight {unknown}
 s - 3 potions of ambrosia {unknown}


   Skills:
 + Level 3.0 Fighting
 - Level 1.5 Dodging
 - Level 2.1 Stealth
 * Level 4.4 Spellcasting
 + Level 2.0 Conjurations
 - Level 0.7 Transmutations
 + Level 5.1 Earth Magic


You had 7 spell levels left.
You knew the following spells:

 Your Spells              Type           Power      Damage    Failure   Level
a - Sandblast             Erth           44%        2d11      1%          1
b - Passwall              Tmut/Erth      11%        N/A       6%          2
c - Stone Arrow           Conj/Erth      32%        3d9       10%         3

Your spell library contained the following spells:

 Spells                   Type           Power      Damage    Failure   Level
 Poisonous Vapours        Pois/Air       8%         N/A       22%         2
 Petrify                  Tmut/Erth      14%        N/A       38%         4
 Corpse Rot               Necr/Pois/Air  4%         N/A       80%         4


Dungeon Overview and Level Annotations

Branches:
Dungeon (4/15)
 Temple: D:4-7

Altars:
Cheibriados
Dithmenos
Qazlal

Shops:
D:2 ?


Innate Abilities, Weirdness & Mutations

You are immune to sickness and miasma.
Your stone body is resilient. (AC +4)
You are immune to poison.
You resist negative energy. (rN+)
You are resistant to electric shocks. (rElec)
You are resistant to unholy torment.
You are immune to petrification.


Message History

You hit the orc priest but do no damage.
The orc priest hits you with a +0 club.
The orc priest calls down the wrath of Beogh upon you.
Beogh smites you!
Casting: Sandblast (safe; 1% risk of failure)
Confirm with . or Enter, or press ? or * to list all spells.
Aiming: Sandblast (safe; 1% risk of failure)
Press: ? - help, Shift-Dir - straight line, f/p - orc priest
Aim: an orc priest, wielding a +0 club and wearing a +0 chain mail (87% to hit)
The blast of sand hits the orc priest but does no damage.
The orc priest barely misses you.
You hit the orc priest but do no damage.
The orc priest looks encouraged for a moment.
You hit the orc priest but do no damage.
The orc priest hits you but does no damage.
An orc comes into view. It is wielding a +0 hand axe.
You hit the orc priest but do no damage.
You punch the orc priest, but do no damage.
The orc priest barely misses you.
You hit the orc priest but do no damage.
The orc priest closely misses you.
You hit the orc priest but do no damage.
The orc priest mumbles some strange prayers to Beogh against you.
You barely resist.
The orc priest hits you but does no damage.
Casting: Sandblast (safe; 1% risk of failure)
Confirm with . or Enter, or press ? or * to list all spells.
Aiming: Sandblast (safe; 1% risk of failure)
Press: ? - help, Shift-Dir - straight line, f/p - orc priest
Aim: an orc priest, wielding a +0 club and wearing a +0 chain mail (87% to hit)
The blast of sand hits the orc priest.
The orc priest is heavily wounded.
The orc priest invokes the aid of Beogh against you.
Pain shoots through your body!
* * * LOW HITPOINT WARNING * * *
You barely miss the orc priest.
The orc priest is heavily wounded.
The orc priest invokes the aid of Beogh against you.
Beogh smites you!
You die...

#.##.#.# #.#.# .#
#.##.#.# #.#.#
#.##.#.# #.#
#.#....# #.#
#.############.#
#..............# ###
##############.###<#
#######..##.#
#oKo@)..(...##.#
#.####)........#
#.#.......[.
#o#.........
#o#.........
..#.........
.###.........# oo
#......... ..
####.....#


You could see an orc priest, an orc and a kobold.

Vanquished Creatures
  A phantom (D:4)
  A hound (D:3)
  An orc priest (D:4)
  Terence (D:2)
  3 gnolls (D:3)
  5 adders
  7 worms
  3 dart slugs
  5 orcs
  4 endoplasms
  2 giant cockroaches
  4 goblins
  8 hobgoblins
  4 jackals (D:2)
  9 kobolds
  7 quokkas
  4 ball pythons
  6 bats
  A frilled lizard (D:1)
  11 rats
87 creatures vanquished.

Notes
Turn   | Place    | Note
-------+----------+-------------------------------------------
     0 | D:1      | samcosmo the Gargoyle Earth Elementalist began the quest
                  | for the Orb.
     0 | D:1      | Reached XP level 1. HP: 10/10 MP: 3/3
     6 | D:1      | Noticed a polar bear
     6 | D:1      | Noticed a snapping turtle
     7 | D:1      | Noticed a rime drake
     7 | D:1      | Noticed a salamander
   304 | D:1      | Reached XP level 2. HP: 16/16 MP: 3/5
   489 | D:1      | Reached skill level 1 in Fighting
   528 | D:1      | Reached skill level 4 in Earth Magic
   701 | D:1      | Reached XP level 3. HP: 20/20 MP: 5/7
   959 | D:2      | Found Sus Lamu's Magic Scroll Emporium.
  1156 | D:2      | Learned a level 2 spell: Passwall
  1160 | D:2      | Learned a level 3 spell: Stone Arrow
  1422 | D:2      | Noticed Terence
  1433 | D:2      | Killed Terence
  1434 | D:2      | Reached XP level 4. HP: 7/26 MP: 6/9
  2036 | D:3      | Found a stormy altar of Qazlal.
  2143 | D:3      | Found a shadowy altar of Dithmenos.
  2292 | D:3      | Reached XP level 5. HP: 30/30 MP: 7/10
  2538 | D:3      | Reached skill level 1 in Conjurations
  2908 | D:3      | Reached XP level 6. HP: 36/36 MP: 9/12
  2997 | D:3      | Found a snail-covered altar of Cheibriados.
  3536 | D:4      | Reached skill level 5 in Earth Magic
  3589 | D:4      | Killed from afar by an orc priest

Illustrated notes

Levels and vault maps discovered:
D:1:      onia_arrival_zoo_common, layout_basic, bh_walls_and_bars
D:2:      layout_rooms, serial_shops, nicolae_shop_trees, uniq_terence
D:3:      kennysheep_six_static_rooms, layout_loops_cross,
          mainiacjoe_overflow_24_doors, overflow_temple_1_default,
          mainiacjoe_overflow_surrounded_room, nicolae_wormholes
D:4:      layout_basic, nicolae_yredelemnul_ghost_church,
          nemelex_spade_bored_becter, vehumet_statue, tgw_xom

Skill      XL: |  1  2  3  4  5  6 |
---------------+-------------------+-----
Fighting       | 1 2 3 |  3.0
Earth Magic    | 4 5 |  5.1
Spellcasting   | 3 4 |  4.4
Conjurations   | 1 2 |  2.0
Dodging        | |  1.5
Stealth        | |  2.1
Transmutations | |  0.7

Action                   |  1- 3 |  4- 6 || total
-------------------------+-------+-------++-------
Melee: Unarmed           |     6 |       ||     6
       Short sword       |     4 |     9 ||    13
       Punch             |     1 |     1 ||     2
 Cast: Sandblast         |    64 |    91 ||   155
       Stone Arrow       |       |     2 ||     2
  Use: Potion            |     1 |     1 ||     2
       Scroll            |       |     9 ||     9
Armor: Robe              |    14 |    15 ||    29
Dodge: Dodged            |    23 |    21 ||    44
